 Dungeon Crawl Stone Soup version 0.31-a0-963-ga325b2283a (webtiles) character file.

Game seed: 18127147822548429730

104 hwolsky the Chopper (level 4, -5/39 HPs)
             Began as a Minotaur Fighter on Oct 24, 2023.
             Slain by a gnoll
             ... wielding a +0 spear
             ... led by a gnoll sergeant
              (6 damage)
             ... on level 3 of the Dungeon.
             The game lasted 00:03:47 (1404 turns).

hwolsky the Chopper (Minotaur Fighter)              Turns: 1404, Time: 00:03:47

Health: -5/39      AC:  6    Str: 23    XL:     4   Next: 52%
Magic:  3/3        EV:  9    Int:  5    God:
Gold:   118        SH:  4    Dex:  9    Spells: 3/3 levels left

rFire   . . .        a - +0 war axe
rCold   . . .        c - +0 buckler
rNeg    . . .        b - +0 scale mail
rPois   .            (helmet restricted)
rElec   .            (no cloak)
rCorr   .            (no gloves)
SInv    .            (no boots)
Will    .....        (no amulet) Stlth
                     (no ring)
HPRegen 0.26/turn    (no ring)
MPRegen 0.08/turn

%: no passive effects
@: lethally poisoned (-5 -> -21)
A: horns 2, retaliatory headbutt
a: no special abilities


You were on level 3 of the Dungeon.
You visited 1 branch of the dungeon, and saw 3 of its levels.

You collected 118 gold pieces.

Inventory:

Hand Weapons
 a - a +0 war axe (weapon)
Armour
 b - a +0 scale mail (worn)
 c - a +0 buckler (worn)
Jewellery
 e - a ring of ice
Scrolls
 f - a scroll of revelation {unknown}
 g - 5 scrolls of identify {unknown}
 h - a scroll of noise {unknown}
 i - a scroll of summoning {unknown}
Potions
 d - a potion of might
 j - a potion of degeneration {unknown}


   Skills:
 - Level 3.6 Fighting
 * Level 5.8 Axes
 - Level 3.6 Armour
 - Level 3.6 Shields


You had 3 spell levels left.
You didn't know any spells.
Your spell library contained the following spells:

 Spells                   Type           Power      Damage    Failure   Level
 Wereblood                Tmut           0%         N/A       94%         2
 Ozocubu's Armour         Ice            0%         N/A       99%         3
 Irradiate                Conj/Tmut      0%         3d11      100%        5
 Ozocubu's Refrigeration  Ice            0%         4d7       100%        7


Dungeon Overview and Level Annotations

Branches:
Dungeon (3/15) Zot: 16566

Altars:
Elyvilon
Gozag
Qazlal
Wu Jian

Annotations:
D:3 1 runed translucent door


Innate Abilities, Weirdness & Mutations

You have a pair of horns on your head.
You reflexively headbutt those who attack you in melee.


Message History

A hobgoblin comes into view.
The hobgoblin shouts!
A hobgoblin is nearby!
The hobgoblin closely misses you.
You hit the hobgoblin.
The hobgoblin is lightly wounded.
You block the hobgoblin's attack. The hobgoblin barely misses you.
You slash the hobgoblin!
You kill the hobgoblin!
No target in view!
No target in view!
No target in view!
You see here a hobgoblin corpse.
An endoplasm comes into view.
The endoplasm quivers.
The endoplasm jiggles.
The endoplasm hits you.
You barely miss the endoplasm. The endoplasm freezes you.
You are frozen.
You slash the endoplasm!
You kill the endoplasm!
No target in view!
No target in view!
You open the door.
There is an open door here.
You open the door.
There is an open door here.
You open the door.
A quokka comes into view.
Found a quarterstaff.
There is an open door here.
Found a runed translucent door.
The quokka barely misses you. You furiously retaliate!
You headbutt the quokka.
You kill the quokka!
No target in view!
No target in view!
No target in view!
No target in view!
No target in view!
You open the door.
A frilled lizard and a gnoll come into view.
The frilled lizard hisses angrily.
The gnoll shouts!
You hear a shout!
A gnoll comes into view. It is wielding a +0 club.
A kobold comes into view.
It is wielding a +0 dagger of protection.
A gnoll comes into view. It is wielding a +0 spear.
The frilled lizard moves out of view.
The kobold shouts!
Found a flux talisman.
Found an ornate altar of the Wu Jian Council.
A gnoll comes into view. It is wielding a +0 flail.
Found 10 gold pieces and a pair of gloves.
Found a stormy altar of Qazlal and a white marble altar of Elyvilon.
The gnoll shouts! x2; You hear a shout!
A gnoll sergeant comes into view. It is wielding a +0 spear of venom.
You block the frilled lizard's attack.
There is an open door here.
You miss the frilled lizard.
Your headbutt misses the frilled lizard.
The frilled lizard completely misses you.
You furiously retaliate!
You headbutt the frilled lizard.
You kill the frilled lizard!
The kobold throws a stone.
The stone hits you but does no damage.
You hit the gnoll but do no damage. Your headbutt misses the gnoll.
You hit the kobold.
You kill the kobold!
The gnoll hits you from afar with a +0 spear.
You block the gnoll's attack.
You closely miss the gnoll. You barely miss the gnoll.
The gnoll barely misses you. The gnoll hits you with a +0 flail!
You completely miss the gnoll. You hit the gnoll. You block the gnoll's attack.
The gnoll barely misses you. You block the gnoll's attack.
The gnoll hits you with a +0 flail.
The gnoll hits you from afar with a +0 spear.
The gnoll closely misses you.
You closely miss the gnoll. You headbutt the gnoll!
You kill the gnoll!
You hit the gnoll. The gnoll hits you with a +0 flail.
The gnoll hits you but does no damage.
The gnoll sergeant hits you from afar with a +0 spear of venom!
* * * LOW HITPOINT WARNING * * *
You are poisoned.
* * * LOW HITPOINT WARNING * * *
You feel very sick.
The gnoll sergeant attacks as it pursues you!
The gnoll sergeant hits you from afar with a +0 spear of venom.
* * * LOW HITPOINT WARNING * * *
You are more poisoned.
The gnoll barely misses you.
There is an open door here.
Unknown command.
You are too injured to fight recklessly!
You are too injured to fight recklessly!
You are too injured to fight recklessly!
You are too injured to fight recklessly!
* * * LOW HITPOINT WARNING * * *
You feel very sick. You block the gnoll's attack.
The gnoll hits you with a +0 club.
* * * LOW HITPOINT WARNING * * *
The gnoll hits you from afar with a +0 spear.
You die...

######### #.......#
#.......#### #
#.........)# ###### #
#######....# #.[...# ###
##### #....##..._..#
..###...###....#g.$.8_.#
#...'...'.'....'@gg._...
###########....##g.%...#
# ..#....# #...###
~~~+....# ..## ...#..###
## #######


You could see a gnoll sergeant and 3 gnolls.

Vanquished Creatures
  Jessica (D:2)
  A gnoll (D:3)
  An adder (D:2)
  2 worms
  2 dart slugs
  8 endoplasms
  6 goblins
  A hobgoblin (D:3)
  6 kobolds
  2 quokkas
  2 ball pythons
  8 bats
  4 frilled lizards
  3 rats (D:1)
47 creatures vanquished.

Notes
Turn   | Place    | Note
-------+----------+-------------------------------------------
     0 | D:1      | hwolsky the Minotaur Fighter began the quest for the Orb.
     0 | D:1      | Reached XP level 1. HP: 19/19 MP: 0/0
   111 | D:1      | Reached skill level 3 in Axes
   156 | D:1      | Reached XP level 2. HP: 21/26 MP: 1/1
   283 | D:1      | Reached skill level 4 in Axes
   610 | D:2      | Reached XP level 3. HP: 27/31 MP: 2/2
   781 | D:2      | Noticed Jessica
   785 | D:2      | Killed Jessica
   786 | D:2      | Reached skill level 5 in Axes
   786 | D:2      | Reached XP level 4. HP: 39/39 MP: 3/3
  1276 | D:3      | Found an opulent altar of Gozag.
  1387 | D:3      | Found a runed translucent door.
  1395 | D:3      | Found an ornate altar of the Wu Jian Council.
  1396 | D:3      | Found a stormy altar of Qazlal.
  1396 | D:3      | Found a white marble altar of Elyvilon.
  1396 | D:3      | Noticed a gnoll sergeant
  1404 | D:3      | HP: 1/39 [gnoll/+0 club[a gnoll sergeant] (2)]
  1404 | D:3      | Slain by a gnoll

Illustrated notes

Levels and vault maps discovered:
D:1:      heliophobic_arrival_ceremonial_halls, layout_rooms
D:2:      layout_basic, kennysheep_nub, uniq_jessica
D:3:      layout_basic, mainiacjoe_overflow_cross_hatched, grunt_gozag_statues,
          chequers_temple_overflow_statue_of_worship,
          ebering_ghost_reflecting_pool, minmay_randomly_rotated_circles

Skill      XL: |  1  2  3 |
---------------+----------+-----
Axes           | 3 4 5 |  5.8
Fighting       | |  3.6
Armour         | |  3.6
Shields        | |  3.6

Action                     |  1- 3 |  4- 6 || total
---------------------------+-------+-------++-------
  Melee: War axe           |    59 |    32 ||    91
         Headbutt          |     3 |     2 ||     5
 Armour: Scale mail        |    39 |    24 ||    63
  Dodge: Dodged            |    28 |    17 ||    45
  Block: Buckler           |    23 |    11 ||    34

Table legend: (Time is in decaauts)
 A = Elapsed time spent in this place.
 B = Non-inter-level travel time spent in this place.
 C = Inter-level travel time spent in this place.
 D = Time resting spent in this place.
 E = Time spent auto-exploring this place.
 F = Levels seen in this place.
 G = Mean time per level.
                   A        B        C        D        E       F      G
               +--------+--------+--------+--------+--------+-----+--------+
         Total |   1432 |   1374 |     58 |      0 |   1103 |   3 |  477.3 |
       Dungeon |   1432 |   1374 |     58 |      0 |   1103 |   3 |  477.3 |
               +--------+--------+--------+--------+--------+-----+--------+

Top non-repeatable levels by time:
     D:2: 729 daAuts
     D:1: 556 daAuts
     D:3: 147 daAuts
